[Event "ICC tourney 3049 (40 10)"]
[Site "Internet Chess Club"]
[Date "2022.11.05"]
[Round "3"]
[White "MA, YUNHUI:K03-16857748"]
[Black "YUAN, SERENA:doudou2011"]
[Result "0-1"]
[ICCResult "White checkmated"]
[WhiteElo "1125"]
[BlackElo "1552"]
[Opening "Sicilian: Grand Prix attack"]
[ECO "B23"]
[NIC "SI.44"]
[Time "15:30:59"]
[PlyCount "74"]
[TimeControl "2400+10"]

1. e4 c5 2. Nc3 Nc6 3. f4 g6 4. Bb5 Bg7 5. Nf3 e6 6. d3 Nge7 7. Bxc6 Nxc6 8.
O-O O-O 9. Be3 d6 10. d4 cxd4 11. Bxd4 Nxd4 12. Nxd4 Qb6 13. e5 dxe5 14.
fxe5 Bxe5 15. Ne2 Rd8 16. c3 Bg7 17. Qb3 Qxb3 18. Nxb3 b6 19. Rad1 Ba6 20.
Rxd8+ Rxd8 21. Re1 Bc4 22. Nec1 Bh6 23. Nd4 Bd2 24. Rd1 Be3+ 25. Kh1 e5 26.
Re1 exd4 27. cxd4 Bxd4 28. b3 Be6 29. Rd1 Bf6 30. Rf1 Bg7 31. h3 Rd2 32. Kh2
Bd5 33. Kg3 Be5+ 34. Kh4 Bxg2 35. Re1 Rd4+ 36. Kg5 f6+ 37. Kh6 Rh4#
{White checkmated}
0-1

[Event "ICC tourney 3049 (40 10)"]
[Site "Internet Chess Club"]
[Date "2022.11.05"]
[Round "3"]
[White "Doan Giang, Nguyen Doan:Doctorstrange04"]
[Black "GUTIERREZ, AUGUSTO E:elytito2017"]
[Result "0-1"]
[ICCResult "White resigns"]
[WhiteElo "1803"]
[BlackElo "1729"]
[Opening "Sicilian: closed, 2...Nc6"]
[ECO "B23"]
[NIC "SI.44"]
[Time "15:30:59"]
[PlyCount "64"]
[TimeControl "2400+10"]

1. e4 c5 2. Nc3 Nc6 3. Bb5 Nd4 4. Nf3 a6 5. Bd3 Nc6 6. O-O d6 7. b3 Bg4 8.
h3 Bxf3 9. Qxf3 Nf6 10. Bb2 e6 11. Rfe1 Be7 12. Qe2 O-O 13. Nd1 Re8 14. f4
d5 15. e5 Nd7 16. Nf2 Bh4 17. Rf1 Bxf2+ 18. Rxf2 b5 19. c3 g6 20. Raf1 Qb6
21. h4 c4 22. Bc2 a5 23. h5 Ne7 24. Kh1 Nf5 25. g4 Ng3+ 26. Kg2 Nxe2 27.
Rxe2 a4 28. b4 a3 29. Bc1 d4 30. Be4 d3 31. Re3 Ra7 32. Rh1 g5 {White
resigns} 0-1

[Event "ICC tourney 3049 (40 10)"]
[Site "Internet Chess Club"]
[Date "2022.11.05"]
[Round "3"]
[White "TANG, VINCENT:VincentT2008"]
[Black "Mason, Mike W:MikeWMason"]
[Result "1-0"]
[ICCResult "Black resigns"]
[WhiteElo "1694"]
[BlackElo "1500"]
[Opening "Benkö gambit"]
[ECO "A57"]
[NIC "BI.46"]
[Time "15:30:20"]
[PlyCount "67"]
[TimeControl "2400+10"]

1. d4 Nf6 2. c4 c5 3. d5 b5 4. Qc2 g6 5. e4 d6 6. cxb5 Bg7 7. Nc3 O-O 8. Nf3
Nbd7 9. Be2 a6 10. a4 axb5 11. Bxb5 Ng4 12. O-O Ba6 13. Bd2 Qc7 14. Bxa6
Rxa6 15. Nb5 Qb6 16. Bc3 Nge5 17. Nxe5 Nxe5 18. f4 Ng4 19. Bxg7 Kxg7 20. h3
Nf6 21. Qc4 Rb8 22. e5 Nd7 23. exd6 exd6 24. f5 Qd8 25. fxg6 Ne5 26. Qc3
hxg6 27. b3 Qe8 28. Rae1 Rxb5 29. axb5 Qxb5 30. Rxe5 dxe5 31. Qxe5+ Kg8 32.
Qe7 Qxb3 33. Qxf7+ Kh8 34. Qf8+ {Black resigns} 1-0

[Event "ICC tourney 3049 (40 10)"]
[Site "Internet Chess Club"]
[Date "2022.11.05"]
[Round "3"]
[White "BRUDNO, STEPHEN:StevChess01"]
[Black "Srinivasan, Sivavishnu:nov-s"]
[Result "1-0"]
[ICCResult "Black resigns"]
[WhiteElo "1546"]
[BlackElo "1276"]
[Opening "Nimzo-Indian: Kmoch variation"]
[ECO "E20"]
[NIC "NI.30"]
[Time "15:30:15"]
[PlyCount "53"]
[TimeControl "2400+10"]

1. d4 Nf6 2. c4 e6 3. Nc3 Bb4 4. f3 c5 5. d5 exd5 6. cxd5 d6 7. e4 O-O 8.
Bc4 Re8 9. Ne2 a6 10. a4 Bd7 11. O-O a5 12. Bf4 Qc7 13. Bb5 Rd8 14. Bg5 Bxb5
15. Nxb5 Qe7 16. Ng3 Rd7 17. Nf5 Qd8 18. Qe2 Na6 19. Qf2 Kh8 20. Qh4 c4 21.
Nxg7 Qb6+ 22. Kh1 Ng8 23. Nh5 f6 24. Nxf6 Nxf6 25. Bxf6+ Kg8 26. Qg4+ Kf8
27. Qxd7 {Black resigns} 1-0

[Event "ICC tourney 3049 (40 10)"]
[Site "Internet Chess Club"]
[Date "2022.11.05"]
[Round "3"]
[White "HELMSEN, GAVIN:ghelmsen"]
[Black "ZHANG, ARI:brass60Six"]
[Result "1/2-1/2"]
[ICCResult "Game drawn because neither player has mating material"]
[WhiteElo "1325"]
[BlackElo "1413"]
[Opening "Sicilian: Smith-Morra gambit"]
[ECO "B21"]
[NIC "SI.48"]
[Time "15:30:59"]
[PlyCount "154"]
[TimeControl "2400+10"]

1. e4 c5 2. d4 cxd4 3. c3 dxc3 4. Nxc3 Nc6 5. Nf3 e6 6. Bc4 Be7 7. O-O Nf6
8. Qe2 O-O 9. Rd1 a6 10. Bf4 Nh5 11. Bd6 Nf6 12. e5 Ne8 13. Ne4 Bxd6 14.
Nxd6 Nxd6 15. Rxd6 Qe7 16. Rad1 Rd8 17. Qe4 g6 18. Qe3 b5 19. Qh6 Qf8 20.
Qxf8+ Kxf8 21. Rxc6 bxc4 22. Rxc4 Bb7 23. Rc7 Bc6 24. Nd4 Bd5 25. b3 Rac8
26. Ra7 Ra8 27. Rxa8 Rxa8 28. Rd3 Rc8 29. h3 Ke7 30. Kh2 d6 31. exd6+ Kxd6
32. Rd2 Ke5 33. Nc2 Rb8 34. Ne3 Rd8 35. Nc4+ Kf6 36. Nb6 Ke7 37. Na4 Bc6 38.
Rxd8 Kxd8 39. Nc5 Bb5 40. a4 Be2 41. f3 Kc7 42. b4 Bc4 43. Kg3 Kc6 44. Nxa6
Bxa6 45. b5+ Bxb5 46. axb5+ Kxb5 47. Kf4 f6 48. g4 Kc5 49. g5 fxg5+ 50. Kxg5
Kd5 51. Kh6 Ke5 52. Kxh7 Kf5 53. Kg7 Kg5 54. h4+ Kf5 55. Kf7 e5 56. Kg7 Kf4
57. Kxg6 Kxf3 58. h5 e4 59. h6 e3 60. h7 e2 61. h8=Q e1=Q 62. Qh5+ Kf2 63.
Qh4+ Ke2 64. Qe4+ Kf2 65. Qf4+ Ke2 66. Qc4+ Kf2 67. Qc2+ Qe2 68. Qf5+ Qf3
69. Qc5+ Qe3 70. Qf8+ Qf3 71. Qc5+ Qe3 72. Qc2+ Qe2 73. Qf5+ Qf3 74. Qc5+
Qe3 75. Qc2+ Qe2 76. Qf5+ Qf3 77. Qxf3+ Kxf3
{Game drawn because neither player has mating material}
1/2-1/2

[Event "ICC tourney 3049 (40 10)"]
[Site "Internet Chess Club"]
[Date "2022.11.05"]
[Round "3"]
[White "WU, DARREN:chessboy111"]
[Black "LOPEZ, FRANCISCO JAVIER:steinutz"]
[Result "0-1"]
[ICCResult "White resigns"]
[WhiteElo "1336"]
[BlackElo "1588"]
[Opening "Scandinavian: Pytel-Wade variation"]
[ECO "B01"]
[NIC "SD.02"]
[Time "15:30:37"]
[PlyCount "78"]
[TimeControl "2400+10"]

1. e4 d5 2. exd5 Qxd5 3. Nc3 Qd6 4. d4 c6 5. Be3 Bf5 6. Nf3 e6 7. Bd3 Bg4 8.
h3 Bh5 9. Be2 Nf6 10. Ne5 Bxe2 11. Qxe2 Nbd7 12. Nf3 Be7 13. Qd3 b5 14. Bd2
O-O 15. O-O a6 16. Ne4 Nxe4 17. Qxe4 Nf6 18. Qd3 Bd8 19. Rfe1 Bb6 20. a3
Rfd8 21. Be3 Qc7 22. Ne5 c5 23. c3 cxd4 24. Bxd4 Bxd4 25. cxd4 Qb6 26. Rad1
Rd6 27. Nf3 Rad8 28. Qd2 h6 29. Rc1 Nd5 30. b4 Ne7 31. g4 Nc6 32. Rc5 Nxd4
33. Nxd4 Rxd4 34. Qc2 Rd2 35. Qc1 Qb7 36. Rc6 R2d3 37. Qc5 Rxh3 38. Qb6 Qd7
39. Rc7 Qd5 {White resigns} 0-1

[Event "ICC tourney 3049 (40 10)"]
[Site "Internet Chess Club"]
[Date "2022.11.05"]
[Round "3"]
[White "HERREROS, STEPHEN:alekhine1031"]
[Black "INDUKURI, SUHAS VARMA:Suhas12"]
[Result "1/2-1/2"]
[ICCResult "Game drawn by mutual agreement"]
[WhiteElo "1568"]
[BlackElo "1525"]
[Opening "Sicilian: Alapin's variation (2.c3)"]
[ECO "B22"]
[NIC "SI.46"]
[Time "15:30:07"]
[PlyCount "95"]
[TimeControl "2400+10"]

1. e4 c5 2. c3 d5 3. Bb5+ Nc6 4. exd5 Qxd5 5. Qf3 Qxf3 6. Nxf3 Bd7 7. O-O e6
8. Bxc6 Bxc6 9. Ne5 Rc8 10. Nxc6 Rxc6 11. d4 Nf6 12. Be3 Be7 13. Nd2 O-O 14.
dxc5 Bxc5 15. Bxc5 Rxc5 16. Nb3 Rd5 17. Rfd1 Rfd8 18. Rxd5 Rxd5 19. f3 Kf8
20. Kf2 Ke7 21. Ke2 h5 22. h4 g5 23. hxg5 Rxg5 24. Kf2 Nd7 25. Rd1 Nb6 26.
Rd4 Rd5 27. Rxd5 exd5 28. Nc5 Nc4 29. b3 Nd6 30. Ke3 b6 31. Nd3 Nb5 32. Kd2
Kd6 33. a4 Nc7 34. Nf4 h4 35. Kd3 Ne6 36. Nxe6 fxe6 37. c4 dxc4+ 38. bxc4
Kc5 39. Ke4 Kxc4 40. Ke5 a6 41. Kxe6 b5 42. axb5 axb5 43. f4 b4 44. f5 b3
45. f6 b2 46. f7 b1=Q 47. f8=Q Qg6+ 48. Qf6 {Game drawn by mutual agreement}
1/2-1/2

[Event "ICC tourney 3049 (40 10)"]
[Site "Internet Chess Club"]
[Date "2022.11.05"]
[Round "3"]
[White "SEBBA, AMITAI:Amitai"]
[Black "YU, VINCENT ZHIWEN:vincentyu"]
[Result "1/2-1/2"]
[ICCResult "Game drawn by repetition"]
[WhiteElo "1580"]
[BlackElo "1266"]
[Opening "Sicilian: Smith-Morra gambit"]
[ECO "B21"]
[NIC "SI.48"]
[Time "15:30:03"]
[PlyCount "102"]
[TimeControl "2400+10"]

1. e4 c5 2. d4 cxd4 3. c3 dxc3 4. Nxc3 Nc6 5. Nf3 d6 6. Bc4 a6 7. O-O Nf6 8.
Qe2 Bg4 9. Rd1 Qb8 10. h3 Bxf3 11. Qxf3 e6 12. Qe2 Be7 13. Bf4 O-O 14. Rac1
Ne5 15. Bb3 b5 16. Rd2 Rd8 17. Rcd1 Qb6 18. Be3 Qb7 19. Bf4 Rac8 20. Bg5 Qb8
21. f4 Ned7 22. a3 h6 23. Bh4 Qb6+ 24. Kh2 Qb8 25. Qe3 Qb7 26. Bxf6 Nxf6 27.
f5 exf5 28. exf5 Bf8 29. Nd5 Nxd5 30. Bxd5 Qc7 31. Kh1 Re8 32. Qg3 Qe7 33.
Rf2 Qf6 34. Bb7 Rc5 35. Bxa6 Rxf5 36. Rxf5 Qxf5 37. Qb3 Re5 38. Bb7 Qd7 39.
Bd5 Qe8 40. Rf1 Re7 41. Qf3 Rc7 42. Qf5 Re7 43. Qf3 Rc7 44. Qh5 Re7 45. Qg6
Rc7 46. Qh5 Re7 47. Qf3 Rc7 48. Qh5 Re7 49. Qf3 Rc7 50. Qh5 Re7 51. Qf3 Rc7
{Game drawn by repetition}
1/2-1/2

[Event "ICC tourney 3049 (40 10)"]
[Site "Internet Chess Club"]
[Date "2022.11.05"]
[Round "4"]
[White "INDUKURI, SUHAS VARMA:Suhas12"]
[Black "DUBE, DANIEL:betterone76"]
[Result "1-0"]
[ICCResult "Black resigns"]
[WhiteElo "1525"]
[BlackElo "1850"]
[Opening "Sicilian: Najdorf, Byrne (English) attack"]
[ECO "B90"]
[NIC "SI.14"]
[Time "17:45:56"]
[PlyCount "87"]
[TimeControl "2400+10"]

1. e4 c5 2. Nf3 d6 3. d4 cxd4 4. Nxd4 Nf6 5. Nc3 a6 6. Be3 e5 7. Nb3 Be6 8.
f3 h5 9. Qd2 Nbd7 10. O-O-O b5 11. Nd5 Bxd5 12. exd5 Nb6 13. Bxb6 Qxb6 14.
Kb1 a5 15. Qd3 Rb8 16. Nd2 g6 17. Ne4 Bg7 18. Qxb5+ Ke7 19. Qxb6 Rxb6 20.
Bc4 Rhb8 21. b3 a4 22. Rhe1 axb3 23. cxb3 Nxe4 24. fxe4 f5 25. Bd3 Rf8 26.
Rf1 f4 27. Rf2 g5 28. h3 g4 29. Rdf1 Bf6 30. hxg4 hxg4 31. Rh1 Rf7 32. Be2
g3 33. Rff1 Rb8 34. Bf3 Kd7 35. Rh6 Bd8 36. Rc1 Bb6 37. Bg4+ Ke7 38. Re6+
Kf8 39. Rxd6 f3 40. Bxf3 Rxf3 41. gxf3 g2 42. Rg6 g1=Q 43. Rgxg1 Bxg1 44.
Rxg1 {Black resigns} 1-0

[Event "ICC tourney 3049 (40 10)"]
[Site "Internet Chess Club"]
[Date "2022.11.05"]
[Round "4"]
[White "ZHANG, ARI:brass60Six"]
[Black "BRUDNO, STEPHEN:StevChess01"]
[Result "0-1"]
[ICCResult "White checkmated"]
[WhiteElo "1413"]
[BlackElo "1546"]
[Opening "Benoni defense"]
[ECO "A56"]
[NIC "OI.06"]
[Time "17:46:14"]
[PlyCount "102"]
[TimeControl "2400+10"]

1. d4 Nf6 2. c4 c5 3. e3 g6 4. Nf3 Bg7 5. Be2 O-O 6. O-O d6 7. Nc3 a6 8. Qc2
Qc7 9. Bd2 e5 10. dxe5 dxe5 11. e4 Bg4 12. h3 Bxf3 13. Bxf3 Nc6 14. Be3 Nd4
15. Bxd4 cxd4 16. Nd5 Nxd5 17. exd5 Rac8 18. Rac1 b6 19. b3 f5 20. Bd1 e4
21. Qd2 a5 22. b4 axb4 23. Qxb4 Qc5 24. a3 Ra8 25. Qxc5 bxc5 26. a4 Rfb8 27.
Re1 Bh6 28. Ra1 d3 29. g4 Kf7 30. gxf5 gxf5 31. Bh5+ Ke7 32. Bd1 Kd6 33. Bh5
Rb4 34. a5 Rxc4 35. Reb1 Rb4 36. Rxb4 cxb4 37. Bf7 Bg7 38. Ra4 Kc5 39. Kf1
Bc3 40. Be6 Kd6 41. a6 Ra7 42. Ra5 b3 43. Rb5 b2 44. Rb6+ Ke5 45. Bg8 Rxa6
46. Rxa6 b1=Q+ 47. Kg2 d2 48. Re6+ Kf4 49. d6 d1=Q 50. Rxe4+ Qxe4+ 51. Kh2
Qdh1# {White checkmated} 0-1

[Event "ICC tourney 3049 (40 10)"]
[Site "Internet Chess Club"]
[Date "2022.11.05"]
[Round "4"]
[White "Doan Giang, Nguyen Doan:Doctorstrange04"]
[Black "SULTAN, BASHIR Cisse:muzikmixer"]
[Result "1-0"]
[ICCResult "Black resigns"]
[WhiteElo "1803"]
[BlackElo "1663"]
[Opening "Robatsch (modern) defense"]
[ECO "B06"]
[NIC "KF.06"]
[Time "18:04:01"]
[PlyCount "70"]
[TimeControl "2400+10"]

1. e4 g6 2. Nc3 Bg7 3. Bc4 e6 4. d3 Ne7 5. Bb3 h6 6. f4 d5 7. Qe2 O-O 8. Nf3
c5 9. O-O Nbc6 10. Qf2 Bd7 11. exd5 exd5 12. Nxd5 Nxd5 13. Bxd5 Nd4 14. Be3
Qb6 15. Ne5 Qd6 16. Bc4 b5 17. Bxd4 cxd4 18. Bb3 Be6 19. Bxe6 Bxe5 20. fxe5
Qxe6 21. Qxd4 Rfd8 22. Qe4 Re8 23. Rae1 Rad8 24. Qf4 Kg7 25. a3 Rd7 26. Re3
Qb6 27. Qf6+ Kg8 28. Qxb6 axb6 29. c3 Rd5 30. d4 Re6 31. Ref3 Rd7 32. Rf6
Rxf6 33. Rxf6 Rb7 34. Kf2 Kg7 35. Ke3 b4 {Black resigns} 1-0

[Event "ICC tourney 3049 (40 10)"]
[Site "Internet Chess Club"]
[Date "2022.11.05"]
[Round "4"]
[White "YUAN, SERENA:doudou2011"]
[Black "HELMSEN, GAVIN:ghelmsen"]
[Result "1-0"]
[ICCResult "Black checkmated"]
[WhiteElo "1552"]
[BlackElo "1325"]
[Opening "King's Indian: fianchetto, Uhlmann (Szabo) variation"]
[ECO "E62"]
[NIC "KI.72"]
[Time "17:46:14"]
[PlyCount "59"]
[TimeControl "2400+10"]

1. d4 g6 2. g3 Bg7 3. Bg2 d6 4. Nf3 Nf6 5. O-O O-O 6. c4 Nc6 7. Nc3 e5 8. d5
Ne7 9. e4 c6 10. h3 cxd5 11. cxd5 b5 12. a3 Bd7 13. Be3 a5 14. b4 Qc8 15.
Qd3 axb4 16. axb4 Rxa1 17. Rxa1 Bxh3 18. Nxb5 Bxg2 19. Kxg2 Qg4 20. Nxd6
Nexd5 21. Nxe5 Nxb4 22. Qc4 Qe6 23. Qxe6 fxe6 24. Bc5 Rb8 25. Ra4 Nc2 26.
Nc6 Rf8 27. Ne7+ Kh8 28. Ra8 Ne1+ 29. Kf1 Nd3 30. Nf7# {Black checkmated}
1-0

[Event "ICC tourney 3049 (40 10)"]
[Site "Internet Chess Club"]
[Date "2022.11.05"]
[Round "4"]
[White "MA, YUNHUI:K03-16857748"]
[Black "WU, DARREN:chessboy111"]
[Result "0-1"]
[ICCResult "White resigns"]
[WhiteElo "1125"]
[BlackElo "1336"]
[Opening "Giuoco Pianissimo: Italian four knights variation"]
[ECO "C50"]
[NIC "IG.02"]
[Time "17:46:24"]
[PlyCount "92"]
[TimeControl "2400+10"]

1. e4 e5 2. Nf3 Nc6 3. Bc4 Bc5 4. Nc3 Nf6 5. d3 h6 6. Be3 Bb6 7. d4 exd4 8.
Nxd4 Ne5 9. Bb3 O-O 10. O-O d6 11. h3 Bd7 12. Re1 Re8 13. Nf3 c6 14. Bf4
Nxf3+ 15. Qxf3 Be6 16. e5 dxe5 17. Bxe5 Bxb3 18. axb3 Bc7 19. Rad1 Qe7 20.
Bg3 Qxe1+ 21. Rxe1 Rxe1+ 22. Kh2 Bb6 23. Bh4 Bd4 24. Qd3 Be5+ 25. Bg3 Bxg3+
26. Qxg3 Rae8 27. Qc7 R1e7 28. Qa5 a6 29. b4 Re1 30. Qb6 R8e7 31. Na4 R1e2
32. Nc5 Rxc2 33. Nxb7 Rxb2 34. Nd6 Rbe2 35. Qxc6 Rxf2 36. Qa8+ Kh7 37. Qxa6
Ree2 38. Qa1 Rxg2+ 39. Kh1 Rh2+ 40. Kg1 Reg2+ 41. Kf1 Rh1+ 42. Kxg2 Rxa1 43.
b5 Rb1 44. Kf3 Kg6 45. Ke3 Kg5 46. Kd4 Kh4 {White resigns} 0-1

[Event "ICC tourney 3049 (40 10)"]
[Site "Internet Chess Club"]
[Date "2022.11.05"]
[Round "4"]
[White "GUTIERREZ, AUGUSTO E:elytito2017"]
[Black "TANG, VINCENT:VincentT2008"]
[Result "0-1"]
[ICCResult "White resigns"]
[WhiteElo "1729"]
[BlackElo "1694"]
[Opening "Scotch: Mieses variation"]
[ECO "C45"]
[NIC "SO.04"]
[Time "17:46:45"]
[PlyCount "66"]
[TimeControl "2400+10"]

1. e4 e5 2. Nf3 Nc6 3. d4 exd4 4. Nxd4 Nf6 5. Nxc6 bxc6 6. e5 Qe7 7. Qe2 Nd5
8. c4 Ba6 9. b3 g5 10. Qe4 Nf6 11. Qf5 Ng8 12. Bxg5 Qc5 13. Be3 Qa5+ 14. Nd2
Ne7 15. Qe4 Bg7 16. f4 d6 17. Bd4 dxe5 18. Bb2 O-O-O 19. O-O-O f6 20. fxe5
Bh6 21. Bd3 fxe5 22. Kc2 Kb8 23. Nf3 Ng6 24. Nxe5 Nxe5 25. Qxe5 Qb6 26. Rhe1
Rhg8 27. Bf1 Rxd1 28. Rxd1 Qf2+ 29. Qe2 Qxe2+ 30. Bxe2 Rxg2 31. Rd8+ Bc8 32.
Kd3 Kb7 33. Re8 Bf5+ {White resigns} 0-1

[Event "ICC tourney 3049 (40 10)"]
[Site "Internet Chess Club"]
[Date "2022.11.05"]
[Round "4"]
[White "WHALEN, JAMES:baystatejim1776"]
[Black "SEBBA, AMITAI:Amitai"]
[Result "0-1"]
[ICCResult "White resigns"]
[WhiteElo "1609"]
[BlackElo "1580"]
[Opening "Sicilian: Pelikan (Lasker/Sveshnikov) variation"]
[ECO "B33"]
[NIC "SI.35"]
[Time "17:46:45"]
[PlyCount "72"]
[TimeControl "2400+10"]

1. e4 c5 2. Nf3 Nc6 3. d4 cxd4 4. Nxd4 Nf6 5. Nc3 e5 6. Nb3 Bb4 7. Bd2 Bxc3
8. Bxc3 Nxe4 9. Qg4 Ng5 10. h4 Ne6 11. Bb5 d6 12. O-O-O a6 13. Bxc6+ bxc6
14. Bxe5 d5 15. f4 Qb6 16. Rhe1 Qb4 17. c3 Qa4 18. Kc2 Bd7 19. Bd4 O-O-O 20.
Bb6 Qb5 21. f5 Qxb6 22. fxe6 Bxe6 23. Rxe6 fxe6 24. Qxe6+ Kb8 25. Nd4 Rc8
26. Qd6+ Ka8 27. Rf1 Rhd8 28. Qe6 Re8 29. Qg4 Rb8 30. b3 c5 31. Ne2 c4 32.
b4 Qb5 33. Ra1 Qa4+ 34. Kb2 Rb7 35. Qf3 Rd7 36. Rd1 Qxd1 {White resigns} 0-1

[Event "ICC tourney 3049 (40 10)"]
[Site "Internet Chess Club"]
[Date "2022.11.05"]
[Round "4"]
[White "LOPEZ, FRANCISCO JAVIER:steinutz"]
[Black "YU, VINCENT ZHIWEN:vincentyu"]
[Result "1-0"]
[ICCResult "Black checkmated"]
[WhiteElo "1588"]
[BlackElo "1266"]
[Opening "Queen's pawn: Torre attack"]
[ECO "A45"]
[NIC "QP.04"]
[Time "17:46:12"]
[PlyCount "145"]
[TimeControl "2400+10"]

1. d4 Nf6 2. Bg5 e6 3. Nf3 c5 4. e3 Be7 5. c3 O-O 6. Nbd2 h6 7. Bh4 b6 8.
Bd3 Bb7 9. Qe2 d6 10. a4 Nbd7 11. Nc4 cxd4 12. exd4 Nd5 13. Bg3 N7f6 14.
Nfd2 Rc8 15. O-O Re8 16. Ne4 Nxe4 17. Qxe4 g6 18. Qe2 Bf8 19. h4 Ba6 20. Ne3
Bxd3 21. Qxd3 Nxe3 22. fxe3 Bg7 23. Qa6 Qd7 24. a5 b5 25. Qxd6 Qxd6 26. Bxd6
a6 27. Rf3 Rcd8 28. Bc5 e5 29. Raf1 Rd7 30. g4 exd4 31. exd4 Re2 32. R1f2
Re1+ 33. Kg2 Re4 34. Rf4 Re6 35. Kf1 Re3 36. R2f3 Re6 37. Kf2 Re8 38. Re3
Rxe3 39. Kxe3 Bf8 40. Re4 Bxc5 41. dxc5 Kf8 42. Rd4 Re7+ 43. Kf4 Re6 44.
Rd8+ Ke7 45. Rh8 Rf6+ 46. Ke4 g5 47. hxg5 hxg5 48. Kd5 Kd7 49. Rg8 Rf2 50.
b4 Rd2+ 51. Ke4 Re2+ 52. Kd3 Re5 53. Kd4 f6 54. Rg7+ Ke8 55. Ra7 Re6 56. Kd5
Re5+ 57. Kd6 Re3 58. Rxa6 Rxc3 59. Ke6 Re3+ 60. Kxf6 Re4 61. Kxg5 Rxb4 62.
Rb6 Kd7 63. a6 Ra4 64. Kf5 b4 65. g5 b3 66. g6 b2 67. g7 b1=Q+ 68. Rxb1 Rxa6
69. g8=Q Rf6+ 70. Kxf6 Kc7 71. Qe6 Kd8 72. Qd6+ Kc8 73. Rb8# {Black
checkmated} 1-0

[Event "ICC tourney 3049 (40 10)"]
[Site "Internet Chess Club"]
[Date "2022.11.05"]
[Round "4"]
[White "Mason, Mike W:MikeWMason"]
[Black "HERREROS, STEPHEN:alekhine1031"]
[Result "1/2-1/2"]
[ICCResult "White stalemated"]
[WhiteElo "1500"]
[BlackElo "1568"]
[Opening "Alekhine's defense"]
[ECO "B02"]
[NIC "AL.10"]
[Time "17:45:54"]
[PlyCount "192"]
[TimeControl "2400+10"]

1. e4 Nf6 2. e5 Nd5 3. Nf3 d6 4. Bc4 Nb6 5. Bb3 d5 6. d4 Bg4 7. O-O h6 8.
Qd3 e6 9. Bf4 Be7 10. Nbd2 O-O 11. Qe3 N8d7 12. Rfe1 c5 13. c3 Bf5 14. Nf1
cxd4 15. cxd4 Nc4 16. Qe2 b5 17. Rec1 Qb6 18. Bxc4 bxc4 19. Ne1 Qxd4 20. Bg3
Rfb8 21. Ne3 Bh7 22. Nd1 Nc5 23. Nc2 Qd3 24. Qe1 Ne4 25. Bf4 Bc5 26. Be3 d4
27. Bf4 g5 28. Bg3 Nxg3 29. hxg3 Qf5 30. Qd2 Qxe5 31. Kh1 Qd5 32. f3 Qd6 33.
Kh2 Qe5 34. Qe1 Qf6 35. Qa5 Bb6 36. Qa4 Qg6 37. Ne1 Qh5+ 38. Kg1 d3+ 39. Nf2
d2 40. Rxc4 dxe1=Q+ 41. Rxe1 Bxf2+ 42. Kxf2 Rxb2+ 43. Kg1 Qg6 44. Rc7 Rb1
45. Rxb1 Qxb1+ 46. Kh2 Qb6 47. Rc6 Qd8 48. Qc4 Qd5 49. Qa4 a5 50. Rc7 Rd8
51. Ra7 Ra8 52. Rd7 Qc5 53. Rb7 Bc2 54. Qd7 Bg6 55. Rb5 Qa7 56. Qc6 Rb8 57.
Rc5 Qb7 58. Qa4 Qb4 59. Qxa5 Qxa5 60. Rxa5 Kf8 61. Ra7 Rb2 62. g4 Bd3 63.
Kg1 Rb1+ 64. Kf2 Rb2+ 65. Kg1 Bc4 66. a4 Ra2 67. a5 Kg7 68. Rc7 Bd5 69. Ra7
Kf6 70. Kf1 Ke5 71. Rxf7 Rxa5 72. Rh7 Kf4 73. Rxh6 Ke3 74. Kg1 Ra1+ 75. Kh2
Ra2 76. Kg3 Bc4 77. Rh1 e5 78. Re1+ Re2 79. Rc1 Bd3 80. Rc5 Kd4 81. Rc1 e4
82. fxe4 Bxe4 83. Rg1 Ke3 84. Kh2 Kf2 85. Ra1 Ke3 86. Rg1 Kf4 87. Kh3 Bxg2+
88. Rxg2 Rxg2 89. Kxg2 Kxg4 90. Kg1 Kg3 91. Kh1 Kh3 92. Kg1 g4 93. Kh1 Kg3
94. Kg1 Kf3 95. Kh2 Kf2 96. Kh1 g3 {White stalemated} 1/2-1/2

[Event "ICC tourney 3049 (40 10)"]
[Site "Internet Chess Club"]
[Date "2022.11.05"]
[Round "5"]
[White "Srinivasan, Sivavishnu:nov-s"]
[Black "ZHANG, ARI:brass60Six"]
[Result "1-0"]
[ICCResult "Black checkmated"]
[WhiteElo "1276"]
[BlackElo "1413"]
[Opening "Sicilian: Najdorf, Adams attack"]
[ECO "B90"]
[NIC "SI.14"]
[Time "20:00:51"]
[PlyCount "101"]
[TimeControl "2400+10"]

1. e4 c5 2. Nf3 d6 3. d4 cxd4 4. Nxd4 Nf6 5. Nc3 a6 6. h3 Nc6 7. g4 h6 8.
Be3 e5 9. Nb3 Be7 10. Bg2 Be6 11. Qd2 Qc7 12. f4 Bd7 13. f5 Nh7 14. Nd5 Bh4+
15. Kd1 Qd8 16. Bb6 Qc8 17. Nc7+ Kf8 18. Nxa8 Bg5 19. Qxd6+ Be7 20. Qc7 Qe8
21. Bc5 Bxf5 22. Bxe7+ Nxe7 23. exf5 Qxa8 24. Bxb7 Qe8 25. Nc5 Kg8 26. Qd7
Qxd7+ 27. Nxd7 Ng5 28. Bxa6 Nd5 29. Nxe5 Kf8 30. Ke2 Nf4+ 31. Ke3 Nd5+ 32.
Kd4 Nb4 33. Bd3 Nxd3 34. Kxd3 Ke7 35. Rae1 Rd8+ 36. Kc3 Kf8 37. Rd1 Rc8+ 38.
Kd2 Rd8+ 39. Kc1 Re8 40. Rhe1 Ra8 41. a3 f6 42. Ng6+ Kg8 43. Re7 Kh7 44.
Rdd7 Rg8 45. h4 Nf3 46. Nf8+ Kh8 47. Ne6 Nxh4 48. Nxg7 Rf8 49. Ne6 Ra8 50.
Rh7+ Kg8 51. Rdg7# {Black checkmated} 1-0

[Event "ICC tourney 3049 (40 10)"]
[Site "Internet Chess Club"]
[Date "2022.11.05"]
[Round "5"]
[White "TANG, VINCENT:VincentT2008"]
[Black "SULTAN, BASHIR Cisse:muzikmixer"]
[Result "1-0"]
[ICCResult "Black resigns"]
[WhiteElo "1694"]
[BlackElo "1663"]
[Opening "Modern defense: Averbakh system"]
[ECO "A40"]
[NIC "KF.04"]
[Time "20:00:38"]
[PlyCount "109"]
[TimeControl "2400+10"]

1. d4 g6 2. c4 Bg7 3. Nc3 d6 4. e4 c6 5. f3 a6 6. a4 a5 7. Be3 Na6 8. Qd2
Nb4 9. Nge2 Qc7 10. Na2 Nxa2 11. Rxa2 h6 12. Nc3 e6 13. Be2 Ne7 14. O-O Bd7
15. c5 dxc5 16. dxc5 g5 17. f4 gxf4 18. Bxf4 Be5 19. Raa1 Ng6 20. Bxe5 Qxe5
21. Qd6 Qxd6 22. cxd6 Ne5 23. Rad1 O-O-O 24. Rf6 Be8 25. Nb1 Rd7 26. Na3 Kd8
27. Nc4 Nxc4 28. Bxc4 b6 29. e5 Rb7 30. Ba6 Ra7 31. Be2 Kd7 32. Bh5 Rh7 33.
Bf3 c5 34. Be2 Kd8 35. b3 Bc6 36. Bd3 Rg7 37. g3 h5 38. Kf2 h4 39. Rh6 hxg3+
40. hxg3 Rg5 41. Re1 Ra8 42. Be4 Bxe4 43. Rxe4 Rf5+ 44. Kg2 Kd7 45. g4 Rg5
46. Rh7 Rf8 47. Kg3 Kc6 48. Kh4 Kd5 49. Kxg5 Kxe4 50. Kf6 b5 51. Rxf7 Ra8
52. Kxe6 bxa4 53. bxa4 c4 54. Rc7 Kd3 55. d7 {Black resigns} 1-0

[Event "ICC tourney 3049 (40 10)"]
[Site "Internet Chess Club"]
[Date "2022.11.05"]
[Round "5"]
[White "BORGE, RONALD:LOCHAR"]
[Black "LOPEZ, FRANCISCO JAVIER:steinutz"]
[Result "1/2-1/2"]
[ICCResult "Game drawn by repetition"]
[WhiteElo "1587"]
[BlackElo "1588"]
[Opening "Nimzovich-Larsen attack"]
[ECO "A01"]
[NIC "VO.08"]
[Time "20:00:36"]
[PlyCount "66"]
[TimeControl "2400+10"]

1. b3 d6 2. Bb2 e5 3. d4 exd4 4. Qxd4 Nc6 5. Qd2 Nf6 6. Nc3 Be7 7. e4 O-O 8.
O-O-O a5 9. a4 Nd7 10. Nd5 Bf6 11. Nxf6+ Nxf6 12. f3 Nb4 13. Qg5 Be6 14.
Bxf6 Qxf6 15. Qxf6 gxf6 16. g4 Kg7 17. Ne2 Rh8 18. Nf4 Na6 19. Nh5+ Kg6 20.
Bxa6 Rxa6 21. h3 Rc6 22. Kb2 f5 23. gxf5+ Kxh5 24. fxe6 fxe6 25. Rdg1 Rf8
26. Rg7 h6 27. Rf1 e5 28. c4 Rf4 29. Rf2 Kh4 30. Rf1 Kh5 31. Rf2 Kh4 32. Rf1
Kh5 33. Rf2 Kh4 {Game drawn by repetition} 1/2-1/2